 Dungeon Crawl Stone Soup version 0.21-a0-498-g1b60429 (webtiles) character file.

3783 mortelune the Destroyer (level 9, 0/79 HPs)
             Began as a Green Draconian Fire Elementalist on Nov 24, 2017.
             Was a Follower of Sif Muna.
             Slain by a spiny frog (25 damage)
             ... on level 1 of the Lair of Beasts.
             The game lasted 00:57:26 (11013 turns).

mortelune the Destroyer (DrFE)                     Turns: 11013, Time: 00:57:27

Health: 0/79       AC: 14    Str: 11    XL:     9   Next: 95%
Magic:  28/42      EV: 12    Int: 18    God:    Sif Muna [*.....]
Gold:   287        SH:  0    Dex: 12    Spells: 9/20 levels left

rFire    . . .     SeeInvis .   U - staff of power
rCold    . . .     Gourm    .   (no shield)
rNeg     . . .     Faith    .   (armour unavailable)
rPois    +         Spirit   .   (helmet restricted)
rElec    .         Reflect  .   w - +0 cloak
rCorr    .         Harm     .   K - +0 pair of gloves
MR       .....                  (no boots)
Stlth    ++........             (no amulet)
HPRegen  0.23/turn              t - ring of magical power
MPRegen  0.28/turn              N - +5 ring of protection

@: no status effects
A: breathe noxious fumes, unfitting armour, poison resistance, cold-blooded, AC
+7
a: Breathe Noxious Fumes, Divine Energy, Renounce Religion


You were on level 1 of the Lair of Beasts.
You worshipped Sif Muna.
Sif Muna was aware of your devotion.
You were not hungry.

You visited 3 branches of the dungeon, and saw 11 of its levels.
You also visited: Sewer.

You collected 287 gold pieces.

Inventory:

Hand Weapons
 c - a +0 whip
 f - a +0 hunting sling
 s - a +1 blowgun
 x - a +1 dagger of venom
 H - a +0 whip of electrocution
 L - a -2 trident
Missiles
 r - 26 poisoned needles
Armour
 q - a +0 ring mail
 w - a +0 cloak (worn)
 I - a +0 animal skin
 K - a +0 pair of gloves (worn)
Magical Staves
 C - an uncursed staff of earth
 U - an uncursed staff of power (weapon)
Jewellery
 t - a ring of magical power (left hand)
 D - an uncursed ring of stealth
 N - a +5 ring of protection (right hand)
 S - an uncursed ring of ice
Wands
 B - a wand of digging (10)
 G - a wand of clouds (4)
 P - a wand of iceblast (5)
Scrolls
 e - a scroll of blinking {unknown}
 m - 2 scrolls of magic mapping
 n - 2 scrolls of remove curse
 o - 5 scrolls of teleportation
 v - a scroll of immolation
 y - a scroll of enchant armour {unknown}
 z - a scroll of fog {unknown}
 E - 3 scrolls of fear {unknown}
 F - a scroll of random uselessness {unknown}
 R - 2 scrolls of identify
Potions
 d - 11 potions of curing
 h - a potion of might
 j - 3 potions of degeneration
 k - a potion of agility {unknown}
 l - 3 potions of flight
 p - a potion of magic {unknown}
 u - a potion of cancellation {unknown}
 J - a potion of invisibility {unknown}
 M - a potion of brilliance {unknown}
 O - a potion of heal wounds
 Q - a potion of resistance {unknown}
 V - a potion of haste {unknown}
Books
 a - a book of Flames

   Spells                             Type                      Level
   a - Flame Tongue                   Conjuration/Fire             1
   b - Throw Flame                    Conjuration/Fire             2
   c - Conjure Flame                  Conjuration/Fire             3
   d - Inner Flame                    Hexes/Fire                   3
   e - Sticky Flame                   Conjuration/Fire             4
   f - Fireball                       Conjuration/Fire             5
Comestibles
 b - 6 bread rations
 g - 3 meat rations
 i - 4 fruits
 A - 4 royal jellies
 T - 2 chunks of flesh


   Skills:
 + Level 7.1 Fighting
 - Level 1.7 Dodging
 - Level 1.7 Stealth
 + Level 6.3 Spellcasting
 * Level 8.7 Conjurations
 + Level 7.3 Fire Magic


You had 9 spell levels left.
You knew the following spells:

 Your Spells              Type           Power        Failure   Level  Hunger
a - Flame Tongue          Conj/Fire      ####.        1%          1    None
b - Throw Flame           Conj/Fire      ####..       1%          2    None
c - Conjure Flame         Conj/Fire      ####....     1%          3    ##.....
d - Fireball              Conj/Fire      ####......   12%         5    #####..


Dungeon Overview and Level Annotations

Branches:
Dungeon (9/15)             Temple (1/1) D:7            Lair (1/6) D:8
    Orc: D:9-12

Altars:
Ashenzari
Cheibriados
Dithmenos
Elyvilon
Fedhas
Gozag
Hepliaklqana
Kikubaaqudgha
Makhleb
Nemelex Xobeh
Okawaru
Qazlal
Ru
Sif Muna
Trog
Uskayaw
Vehumet
Wu Jian
Xom
Yredelemnul
Zin
The Shining One

Shops:
D:4 }   D:6 [

Annotations:
D:9 zkyp's ghost, journeyman TeMo


Innate Abilities, Weirdness & Mutations

You can breathe blasts of noxious fumes.
Your lurid green scales are hard. (AC +7)
You cannot fit into any form of body armour.
Your system is resistant to poisons. (rPois)
You are cold-blooded and may be slowed by cold attacks.


Message History

Press: ? - help, Shift-Dir - straight line, f/p - spiny frog
Aim: a spiny frog (severely wounded)
The flame tongue misses the spiny frog.
The spiny frog stings you!
Casting: Flame Tongue
Confirm with . or Enter, or press ? or * to list all spells.
Aiming: Flame Tongue
Press: ? - help, Shift-Dir - straight line, f/p - spiny frog
Aim: a spiny frog (severely wounded)
The flame tongue hits the spiny frog.
The spiny frog appears unharmed.
The spiny frog is severely wounded.
The spiny frog closely misses you. The spiny frog completely misses you.
Casting: Flame Tongue
Confirm with . or Enter, or press ? or * to list all spells.
Aiming: Flame Tongue
Press: ? - help, Shift-Dir - straight line, f/p - spiny frog
Aim: a spiny frog (severely wounded)
The flame tongue hits the spiny frog.
The spiny frog is severely wounded.
The spiny frog stings you!!
You die...

#.# #..## #.#
#..P# .#
#..## #..# #
## #..#
##.#P#####).#
............#
............#
......F@....#
######.###.>#
## #...#
#...# #...#
..##


You could see a spiny frog.

Vanquished Creatures
  Pikel (D:5)
  A hornet (D:7)
  A wyvern (Lair:1)
  A hungry ghost (D:8)
  Menkaure (D:4)
  2 water moccasins
  A porcupine (Lair:1)
  2 orc warriors
  2 slaves (D:5)
  Purgy (Sewer)
  2 ice beasts
  2 black bears
  A sky beast (D:5)
  3 ogres
  4 bullfrogs
  2 scorpions
  2 howler monkeys (D:8)
  3 crimson imps
  6 hounds
  A centaur skeleton (D:8)
  3 orc priests
  6 orc wizards
  3 iguanas
  Natasha (D:2)
  4 worker ants
  A worker ant zombie (D:5)
  3 gnolls (D:8)
  6 adders
  3 shadow imps
  2 oozes
  An adder zombie (D:4)
  An adder skeleton (D:4)
  3 worms
  A dart slug (D:2)
  6 leopard geckos
  19 orcs
  5 giant cockroaches
  9 goblins
  8 hobgoblins
  6 kobolds
  3 quokkas
  7 ball pythons
  A ball python zombie (D:5)
  7 bats
  13 frilled lizards
  A jackal skeleton (D:8)
  A quokka skeleton (D:5)
  7 rats
170 creatures vanquished.

Notes
Turn   | Place    | Note
-------+----------+-------------------------------------------
     0 | D:1      | mortelune the Draconian Fire Elementalist began the quest for the Orb.
     0 | D:1      | Reached XP level 1. HP: 14/14 MP: 3/3
   223 | D:1      | Reached XP level 2. HP: 20/22 MP: 1/5
   301 | D:1      | Learned a level 2 spell: Throw Flame
   551 | D:1      | Reached skill level 1 in Fighting
  1172 | D:2      | Reached XP level 3. HP: 28/28 MP: 4/6
  1262 | D:2      | Reached skill level 2 in Conjurations
  1651 | D:2      | You fall through a shaft!
  1927 | D:3      | Reached XP level 4. HP: 36/36 MP: 1/7
  2605 | D:2      | Noticed Natasha
  2612 | D:2      | Killed Natasha
  2938 | D:3      | Reached XP level 5. HP: 42/42 MP: 6/9
  4336 | D:4      | Found a glowing drain.
  4379 | Sewer    | Entered a sewer
  4476 | Sewer    | Noticed Purgy
  4483 | Sewer    | Killed Purgy
  4483 | Sewer    | Reached skill level 3 in Conjurations
  4483 | Sewer    | Reached XP level 6. HP: 48/51 MP: 4/11
  4888 | D:4      | Noticed Menkaure
  4894 | D:4      | Killed Menkaure
  5296 | D:4      | Found Tuegon's Gadget Shop.
  5588 | D:3      | Your scales start taking on a lurid green colour.
  5588 | D:3      | Reached XP level 7. HP: 58/58 MP: 10/12
  5588 | D:3      | Gained mutation: Your system is resistant to poisons. (rPois) [Green Draconian growth]
  5595 | D:3      | Learned a level 3 spell: Conjure Flame
  5803 | D:4      | Reached skill level 4 in Conjurations
  6006 | D:4      | Reached skill level 5 in Fire Magic
  6794 | D:5      | Entered Level 5 of the Dungeon
  7242 | D:5      | Reached skill level 5 in Conjurations
  7242 | D:5      | Reached XP level 8. HP: 63/67 MP: 3/14
  7710 | D:5      | Reached skill level 5 in Fighting
  7801 | D:5      | Noticed Pikel
  7976 | D:5      | Killed Pikel
  7976 | D:5      | Reached skill level 5 in Spellcasting
  7976 | D:5      | Reached skill level 6 in Conjurations
  8398 | D:6      | Reached XP level 9. HP: 59/75 MP: 6/16
  8556 | D:6      | Found Cihui's Antique Armour Emporium.
  8620 | D:6      | Reached skill level 7 in Conjurations
  8663 | D:6      | You fall through a shaft!
  8732 | D:7      | Found a staircase to the Ecumenical Temple.
  8748 | Temple   | Entered the Ecumenical Temple
  8864 | Temple   | Became a worshipper of Sif Muna the Loreminder
  8876 | Temple   | Learned a level 5 spell: Fireball
  9028 | D:7      | Found a radiant altar of Vehumet.
  9738 | D:8      | Reached * piety under Sif Muna
  9846 | D:8      | Found a staircase to the Lair.
  9855 | D:8      | Reached skill level 8 in Conjurations
 10496 | D:9      | Noticed zkyp's ghost (journeyman TeMo)
 10814 | Lair:1   | Entered Level 1 of the Lair of Beasts
 11000 | Lair:1   | Noticed a spiny frog
 11013 | Lair:1   | Slain by a spiny frog

Vault maps used:
D:1:      dpeg_arrival_connections
D:2:      uniq_natasha
D:4:      portal_sewer_entry_a, serial_shops, shop, minmay_unequal,
          uniq_menkaure
D:5:      black_bear_nest_1, first_bread, uniq_pikel
D:6:      serial_shops, nicolae_shop_waterfront, nzn_random_ring
D:7:      vehumet_crystals, minmay_temple_entry_grid
D:8:      kennysheep_six_static_rooms
D:9:      uniq_psyche
Temple:   dpeg_three_leaves_temple
Sewer:    sewer_co_purgy_island

Skill      XL: |  1  2  3  4  5  6  7  8  9 |
---------------+----------------------------+-----
Fighting       | 1 2 3 4 5 7 |  7.1
Conjurations   | 2 3 5 6 8 |  8.7
Spellcasting   | 3 4 5 6 |  6.3
Fire Magic     | 4 5 6 7 |  7.3
Dodging        | |  1.7
Stealth        | |  1.7

Action                   |  1- 3 |  4- 6 |  7- 9 || total
-------------------------+-------+-------+-------++-------
Melee: Whip              |    13 |     9 |    26 ||    48
       Tailslap          |       |     1 |    14 ||    15
       Blowgun           |       |       |    23 ||    23
       Dagger            |       |       |    57 ||    57
       Staff             |       |       |     2 ||     2
 Fire: Blowgun           |       |     1 |    17 ||    18
 Cast: Flame Tongue      |    52 |   107 |   146 ||   305
       Throw Flame       |     8 |    22 |   138 ||   168
       Conjure Flame     |       |       |     9 ||     9
       Fireball          |       |       |     1 ||     1
 Abil: Breathe Noxious F |       |       |    19 ||    19
  Use: Scroll            |       |     6 |     6 ||    12
       Potion            |       |     2 |     1 ||     3
 Stab: Confused          |       |       |     5 ||     5
  Eat: Chunk             |     4 |    11 |    21 ||    36
       Fruit             |       |     1 |     3 ||     4
Armor: Skin              |    15 |    24 |    76 ||   115
Dodge: Dodged            |    29 |    50 |    82 ||   161

Table legend:
 A = Spawn XP
 B = Non-spawn XP
 C = Spawn XP percentage of total XP
 D = Spawn monster count
 E = Non-spawn monster count
 F = Spawn count percentage of total count
 G = Total turns spent on level
                    A         B        C        D         E        F      G
               +---------+---------+-------+---------+---------+-------+---------
         Total |       0 |    5405 |   0.0 |       0 |     168 |   0.0 | 11013
               +---------+---------+-------+---------+---------+-------+---------
           D:1 |       0 |      39 |   0.0 |       0 |      22 |   0.0 |  1209
           D:2 |       0 |     156 |   0.0 |       0 |      29 |   0.0 |  1614
           D:3 |       0 |     180 |   0.0 |       0 |      20 |   0.0 |  1890
           D:4 |       0 |     641 |   0.0 |       0 |      27 |   0.0 |  1922
           D:5 |       0 |    1362 |   0.0 |       0 |      19 |   0.0 |  1284
           D:6 |       0 |     404 |   0.0 |       0 |       9 |   0.0 |   325
           D:7 |       0 |     640 |   0.0 |       0 |       8 |   0.0 |   646
           D:8 |       0 |    1216 |   0.0 |       0 |      21 |   0.0 |  1292
        Lair:1 |       0 |     602 |   0.0 |       0 |       4 |   0.0 |   199
         Sewer |       0 |     165 |   0.0 |       0 |       9 |   0.0 |   419
               +---------+---------+-------+---------+---------+-------+---------
